 Seeded DCSS version 0.30.1-11-g7821555f0a (webtiles) character file.

Game seed: 430007637681659361 (custom seed)

34 strifetoe the Chopper (level 3, -5/31 HPs)
             Began as a Meteoran Fighter on Nov 9, 2023.
             Killed from afar by Terence (7 damage)
             ... with a puff of flame
             ... on level 2 of the Dungeon.
             The game lasted 00:00:46 (460 turns).

strifetoe the Chopper (Meteoran Fighter)             Turns: 460, Time: 00:00:46

Health: -5/31      AC:  6    Str: 19    XL:     3   Next: 73%
Magic:  4/4        EV:  9    Int:  9    God:
Gold:   31         SH:  5    Dex: 14    Spells: 2/2 levels left

rFire   . . .        g - +3 war axe
rCold   . . .        c - +0 buckler
rNeg    . . .        b - +0 scale mail
rPois   .            (no helmet)
rElec   .            (no cloak)
rCorr   .            (no gloves)
SInv    .            (no boots)
Will    .....        (no amulet) Stlth
                     (no ring)
HPRegen 0.25/turn    (no ring)
MPRegen 0.09/turn

%: no passive effects
@: glowing
A: sense surroundings 1, otherworldly, glowing, explore regen
a: no special abilities


You were on level 2 of the Dungeon.
You visited 1 branch of the dungeon, and saw 2 of its levels.

You collected 31 gold pieces.

Inventory:

Hand Weapons
 a - a +0 war axe
 g - a +3 war axe (weapon)
Armour
 b - a +0 scale mail (worn)
 c - a +0 buckler (worn)
Jewellery
 k - a ring of flight
Scrolls
 e - 2 scrolls of noise {unknown}
 f - a scroll of vulnerability {unknown}
 i - a scroll of identify {unknown}
 j - a scroll of brand weapon {unknown}
 m - a scroll of fear {unknown}


   Skills:
 - Level 3.2 Fighting
 + Level 4.4 Axes
 - Level 3.6 Armour
 - Level 3.6 Shields


You had 2 spell levels left.
You didn't know any spells.
Your spell library was empty.

Dungeon Overview and Level Annotations

Branches:
Dungeon (2/15) Zot: 719

Altars:

Annotations:
D:2 Terence


Innate Abilities, Weirdness & Mutations

You passively map a small area around you.
You are easily found by Zot.
You glow in the dark.
You regain HP and MP as you explore.


Message History

You closely miss the adder.
You feel sick. The adder bites you but does no damage.
You barely miss the adder.
* * * LOW HITPOINT WARNING * * *
You feel sick. You block the adder's attack.
The adder bites you but does no damage.
You slash the adder!
You kill the adder!
You feel sick.
You are no longer poisoned.
The ball python bites you.
* * * LOW HITPOINT WARNING * * *
The ball python grabs you. The ball python constricts you.
It was a potion of cancellation.
Your magical effects are unravelling.
You feel magically purged.
You feel a little less mighty now. The ball python barely misses you.
The ball python constricts you.
You barely miss the ball python. You block the ball python's attack.
The ball python constricts you.
You closely miss the ball python. You block the ball python's attack.
The ball python constricts you.
The ball python bites you but does no damage.
The ball python constricts you.
You barely miss the ball python. The ball python barely misses you.
The ball python constricts you. The ball python barely misses you.
The ball python constricts you.
* * * LOW HITPOINT WARNING * * *
Unknown command.
You slash the ball python!
You kill the ball python!
Terence barely misses you.
You slash Terence!
Terence is heavily wounded.
You block Terence's attack.
Unknown command.
You closely miss Terence.
Terence is heavily wounded.
Terence zaps a wand.
The puff of flame hits you!
You die...

####
#####..##
#.....>.#
#####.#####.#
#...†<# #@#
#..##### #@#
* ,.. #r#
#(### * * **
#...# **
#.....#*
#..........
#...........
* , ,
#...........
, ,


You could see Terence and a rat.

Vanquished Creatures
  An adder (D:2)
  A dart slug (D:1)
  3 giant cockroaches
  2 goblins (D:1)
  3 hobgoblins (D:1)
  2 quokkas (D:1)
  4 ball pythons
  3 bats (D:1)
  A frilled lizard (D:1)
  A kobold (D:1)
  A rat (D:1)
22 creatures vanquished.

Notes
Turn   | Place    | Note
-------+----------+-------------------------------------------
     0 | D:1      | strifetoe the Meteoran Fighter began the quest for the Orb.
     0 | D:1      | Reached XP level 1. HP: 19/19 MP: 2/2
    98 | D:1      | Reached skill level 3 in Axes
    98 | D:1      | Reached XP level 2. HP: 26/26 MP: 3/3
   236 | D:1      | Reached XP level 3. HP: 25/31 MP: 4/4
   262 | D:1      | Reached skill level 4 in Axes
   437 | D:2      | Noticed Terence
   444 | D:2      | HP: 1/31 [Terence/puff of flame (4)]
   453 | D:2      | HP: 1/31 [ball python (1)]
   460 | D:2      | Killed from afar by Terence

Illustrated notes

Levels and vault maps discovered:
D:1:      wander_arrival_chamber, layout_basic, kennysheep_boxes
D:2:      layout_rooms, dilly_ecumenical_altar_fadedgnrine, basic_altar,
          uniq_terence

Skill      XL: |  1  2  3 |
---------------+----------+-----
Axes           | 3 4 |  4.4
Fighting       | |  3.2
Armour         | |  3.6
Shields        | |  3.6

Action                     || total
---------------------------++-------
  Melee: War axe           ||    52
    Use: Potion            ||     3
 Armour: Scale mail        ||    32
  Dodge: Dodged            ||    16
  Block: Buckler           ||    17
